 Dungeon Crawl Stone Soup version 0.29.1-15-g9cfb28693d (webtiles) character file.

Game seed: 10823604300856918893

331 KittyFluff the Cudgeller (level 6, -15/38 HPs)
             Began as a Gargoyle Berserker on Apr 16, 2023.
             Was a Believer of Trog.
             Killed by divine providence
             ... invoked by an orc priest
              (16 damage)
             ... on level 4 of the Dungeon.
             The game lasted 00:11:18 (3405 turns).

KittyFluff the Cudgeller (Gargoyle Berserker)       Turns: 3405, Time: 00:11:19

Health: -15/38     AC:  9    Str: 21    XL:     6   Next: 51%
Magic:  6/6        EV: 12    Int:  7    God:    Trog [**....]
Gold:   101        SH:  0    Dex: 11    Spells: 5/5 levels left

rFire   . . .      SeeInvis .   a - +0 mace
rCold   . . .      Faith    .   (no shield)
rNeg    + . .      Spirit   .   c - +0 leather armour
rPois   ∞          Reflect  .   (no helmet)
rElec   +          Harm     .   g - +0 cloak
rCorr   .          Rampage  .   (no gloves)
Will    .....                   (no boots)
Stlth   +.........              (no amulet)
HPRegen 0.12/turn               (no ring)
MPRegen 0.10/turn               (no ring)

@: no status effects
A: sickness immunity, AC +4, negative energy resistance 1, electricity
resistance, torment resistance 1, petrification resistance
a: Renounce Religion, Berserk, Trog's Hand


You were on level 4 of the Dungeon.
You worshipped Trog.
Trog was pleased with you.
You visited 1 branch of the dungeon, and saw 4 of its levels.

You collected 101 gold pieces.

Inventory:

Hand Weapons
 a - a +0 mace (weapon)
 o - a +0 sling
Missiles
 m - 7 poisoned darts (quivered)
 t - 17 stones
 w - 3 silver javelins
 z - 5 curare-tipped darts
Armour
 c - a +0 leather armour (worn)
 g - a +0 cloak (worn)
Wands
 y - a wand of light (12)
Scrolls
 d - 2 scrolls of identify {unknown}
 e - a scroll of noise {unknown}
 i - 2 scrolls of enchant weapon {unknown}
 j - a scroll of teleportation {unknown}
 l - 2 scrolls of fog {unknown}
 r - a scroll of amnesia {unknown}
 u - a scroll of torment {unknown}
 x - a scroll of poison {unknown}
Potions
 b - a potion of haste {unknown}
 f - 3 potions of heal wounds {unknown}
 h - a potion of lignification {unknown}
 k - a potion of mutation {unknown}
 n - a potion of cancellation {unknown}
 p - a potion of ambrosia {unknown}
 q - 3 potions of curing {unknown}
 s - a potion of degeneration {unknown}
 v - a potion of might {unknown}


   Skills:
 + Level 4.2 Fighting
 + Level 4.7 Maces & Flails
 + Level 0.4 Ranged Weapons
 * Level 4.1 Armour
 + Level 2.6 Dodging
 + Level 1.4 Stealth


You had 5 spell levels left.
You didn't know any spells.
Your spell library was empty.

Dungeon Overview and Level Annotations

Branches:
Dungeon (4/15)
 Temple: D:4-7

Altars:
Cheibriados
Ru
Xom


Innate Abilities, Weirdness & Mutations

You are immune to sickness and miasma.
Your stone body is resilient. (AC +4)
You are immune to poison.
You resist negative energy. (rN+)
You are resistant to electric shocks. (rElec)
You are resistant to unholy torment.
You are immune to petrification.


Message History

An orc wizard comes into view.
It is wielding a +0 dagger and wearing a +0 robe of willpower.
The orc priest hits you but does no damage.
An orc comes into view. It is wielding a +0 flail.
The orc wizard moves out of view.
You hit the orc priest but do no damage.
The orc priest hits you but does no damage.
You hit the orc priest but do no damage.
The orc priest invokes the aid of Beogh against you.
Beogh smites you!
You sock the orc priest!
The orc priest is heavily wounded.
The orc priest completely misses you.
The orc priest looks braver for a moment.
You closely miss the orc priest.
The orc priest is heavily wounded.
The orc priest mumbles some strange prayers to Beogh against you.
Beogh smites you!
* * * LOW HITPOINT WARNING * * *
An orc comes into view. It is wielding a +0 falchion.
The orc shouts!
Things that are here:
a +0 war axe; a +0 scale mail The orc priest attacks as you move away!
The orc priest hits you but does no damage.
The orc priest attacks as you move away!
The orc priest closely misses you.
The orc priest attacks as you move away!
The orc priest barely misses you.
The orc priest begins to cast a cantrip, but forgets the words!
The orc priest calls down the wrath of Beogh upon you.
Pain shoots through your body!
* * * LOW HITPOINT WARNING * * *
The orc priest mumbles some strange prayers to Beogh against you.
Beogh smites you!
* * * LOW HITPOINT WARNING * * *
You hit the orc.
The orc is heavily wounded.
The orc priest calls down the wrath of Beogh upon you.
Beogh smites you!
You die...

.#.....#.....#.....####.##.......
.'..8..'.....'..8..'.)..##.......
##.....#.....#.....###..##.......
##...###...###...####..##)......
##.##.##.##.##.##.##..# #..#
####...###...###..##..# #..#
#.'..⌠..'..⌠))).####..####).#
#.##...###...##o.oooo.......#
#..##.## ##.##@##...........#
##.##'# #+##.##############
#..#.# #.##.# ##...# #....# ###.#
####.# #.########.# #..........#
#.########## ###


You could see an orc priest and 4 orcs.

Vanquished Creatures
  4 crimson imps
  Jessica (D:3)
  Terence (D:2)
  An orc wizard (D:4)
  6 adders
  A worm (D:1)
  3 dart slugs
  9 orcs
  A ball python (D:1)
  5 endoplasms
  A giant cockroach (D:4)
  5 goblins
  4 hobgoblins
  3 quokkas
  A bat (D:1)
  3 frilled lizards
  2 rats
51 creatures vanquished.

Vanquished Creatures (others)
  51 plants (D:3)
51 creatures vanquished.

Grand Total: 102 creatures vanquished

Notes
Turn   | Place    | Note
-------+----------+-------------------------------------------
     0 | D:1      | KittyFluff the Gargoyle Berserker began the quest for the
                  | Orb.
     0 | D:1      | Reached XP level 1. HP: 14/14 MP: 1/1
   494 | D:1      | Reached XP level 2. HP: 19/19 MP: 2/2
   554 | D:1      | Found a faded altar of an unknown god.
  1224 | D:2      | Reached XP level 3. HP: 21/24 MP: 3/3
  1710 | D:2      | Noticed Terence
  1727 | D:2      | Killed Terence
  1728 | D:2      | Reached XP level 4. HP: 13/29 MP: 4/4
  2097 | D:3      | Found a shimmering altar of Xom.
  2137 | D:3      | Reached XP level 5. HP: 13/33 MP: 5/5
  2139 | D:3      | Reached skill level 1 in Stealth
  2458 | D:2      | Reached XP level 6. HP: 38/38 MP: 6/6
  2527 | D:3      | Reached ** piety under Trog
  2729 | D:3      | Found a sacrificial altar of Ru.
  2737 | D:3      | Noticed Jessica
  2741 | D:3      | Found a snail-covered altar of Cheibriados.
  2786 | D:3      | Killed Jessica
  3404 | D:4      | HP: 1/38 [orc priest/divine providence (10)]
  3405 | D:4      | Killed from afar by an orc priest

Illustrated notes

Levels and vault maps discovered:
D:1:      nicolae_arrival_washed_ashore, layout_loops_ring,
          ebering_ecumenical_altar_abandoned, minmay_tromino_v4_a
D:2:      layout_rooms, uniq_terence
D:3:      layout_rooms, led_xom_imps, mainiacjoe_overflow_catch_the_wave,
          uniq_jessica
D:4:      layout_basic, kennysheep_mini, lemuel_round_altar, temple_pool_b,
          st_stairs_3, corexii_corridor_pit, nicolae_hexahallways,
          minmay_stone_trees_small, uniq_blork_the_orc

Skill      XL: |  1  2  3  4  5  6 |
---------------+-------------------+-----
Dodging        | 2 |  2.6
Armour         | 3 4 |  4.1
Maces & Flails | 4 |  4.7
Fighting       | 4 |  4.2
Stealth        | 1 |  1.4
Ranged Weapons | |  0.4

Action                   |  1- 3 |  4- 6 || total
-------------------------+-------+-------++-------
Melee: Mace              |    91 |   194 ||   285
       Punch             |       |     1 ||     1
 Fire: Sling             |       |     7 ||     7
Invok: Berserk           |     1 |     1 ||     2
 Stab: Invisible         |       |     1 ||     1
Armor: Leather armour    |    46 |    95 ||   141
Dodge: Dodged            |    67 |   125 ||   192
